 Dungeon Crawl Stone Soup version 0.18-a0-1721-gc4d1f22 (webtiles) character file.

813 George the Shield-Bearer (level 8, -2/63 HPs)
             Began as a Formicid Fighter on Apr 9, 2016.
             Slain by a killer bee (7 damage)
             ... on level 6 of the Dungeon.
             The game lasted 00:06:48 (3791 turns).

George the Shield-Bearer (Formicid Fighter)         Turns: 3791, Time: 00:06:49

Health: -2/63      AC: 11    Str: 28    XL:     8   Next: 15%
Magic:  8/8        EV:  9    Int:  8    God:
Gold:   139        SH: 11    Dex: 14    Spells: 0 memorised, 7 levels left

rFire  . . .     SeeInvis +     a - +1 long sword
rCold  . . .     Gourm    .     b - +0 scale mail
rNeg   . . .     Faith    .     y - +0 shield "Lad Vuwn" {+Inv Dex+4}
rPois  .         Spirit   .     (helmet unavailable)
rElec  .         Dismiss  .     g - +0 cloak
rCorr  .         Reflect  .     (no gloves)
SustAt .         Harm     .     r - +1 pair of boots
MR     .....                    (no amulet)
Stlth  ..........               (no ring)
                                (no ring)

@: mighty, lethally poisoned (-2 -> -3), not resistant to hostile enchantments,
extremely unstealthy
A: permanent stasis, dig shafts and tunnels, four strong arms, antennae 3
a: Dig, Shaft Self, Evoke Invisibility


You were on level 6 of the Dungeon.
You were not hungry.

You visited 1 branch of the dungeon, and saw 6 of its levels.

You collected 139 gold pieces.

Inventory:

Hand Weapons
 a - a +1 long sword (weapon)
 q - a +0 short sword
Armour
 b - a +0 scale mail (worn)
 g - a +0 cloak (worn)
 r - a +1 pair of boots (worn)
 y - the +0 shield "Lad Vuwn" (worn) {+Inv Dex+4}
   (You found it on level 4 of the Dungeon)

   It affects your dexterity (+4).
   It lets you turn invisible.
Scrolls
 i - 5 scrolls of remove curse
 j - a scroll of enchant weapon
 B - a scroll of fog
Potions
 z - 2 potions of heal wounds {unknown}
 C - a potion of degeneration {unknown}
Comestibles
 f - 3 bread rations
 n - a slice of pizza
 u - a beef jerky


   Skills:
 + Level 5.5 Fighting
 + Level 4.4 Long Blades
 + Level 5.9 Armour
 + Level 6.4 Shields


You had 7 spell levels left.
You didn't know any spells.

Dungeon Overview and Level Annotations

Branches:
Dungeon (6/15)
 Temple: D:4-7

Altars:
Ashenzari
Gozag
Makhleb
Nemelex Xobeh
Pakellas
Xom
Zin

Shops:
D:4 *


Innate Abilities, Weirdness & Mutations

You are under a permanent stasis effect.
You can dig through walls and to a lower floor.
Your four strong arms can wield two-handed weapons with a shield.
You have a pair of large antennae on your head (SInv).


Message History

You block the killer bee's attack.
The killer bee stings you but does no damage.
You miss the killer bee.
The killer bee is heavily wounded.
The killer bee stings you but does no damage.
The killer bee barely misses you.
You miss the killer bee.
The killer bee is heavily wounded.
You feel sick. You block the killer bee's attack.
The killer bee stings you but does no damage.
You barely miss the killer bee.
The killer bee is heavily wounded.
The killer bee stings you.
* * * LOW HITPOINT WARNING * * *
The killer bee stings you but does no damage.
The killer bee barely misses you.
You closely miss the killer bee.
The killer bee is heavily wounded.
The killer bee stings you!
You die...

#.#.#
#######.#.###>#
..
..............#
#Y#
#######.#......
..# #.#######
..# #.# ..#
#.######## ..#
#.##Y....###..#
#.@yy....).†..#
####c._...##.##
#......# .#
#.....## .#
####..# {. ##.#
.. #... y..
#.## ..#


You could see a sky beast, a centaur and 2 killer bees.

Vanquished Creatures
  Grinder (D:3)
  An ice beast (D:5)
  A centaur (D:5)
  A water moccasin zombie (D:5)
  3 killer bees (D:6)
  A giant frog skeleton (D:5)
  Ijyb (D:3)
  2 worker ants
  9 adders
  An ooze (D:4)
  2 adder zombies (D:5)
  A worm (D:2)
  2 dart slugs
  3 giant geckos
  An orc (D:4)
  A ball python (D:2)
  11 giant cockroaches
  3 goblins (D:1)
  9 hobgoblins
  8 kobolds
  5 quokkas
  4 bats
  3 giant newts
  A jackal skeleton (D:5)
  11 rats
86 creatures vanquished.

Vanquished Creatures (others)
  A deep elf annihilator (D:5)
1 creature vanquished.

Grand Total: 87 creatures vanquished

Notes
Turn   | Place    | Note
--------------------------------------------------------------
     0 | D:1      | George the Formicid Fighter began the quest for the Orb.
     0 | D:1      | Reached XP level 1. HP: 18/18 MP: 1/1
   179 | D:1      | Reached XP level 2. HP: 20/24 MP: 2/2
   180 | D:1      | Reached skill level 4 in Shields
   532 | D:1      | Reached XP level 3. HP: 28/29 MP: 3/3
   672 | D:2      | Found a burning altar of Makhleb.
   999 | D:2      | Found a shimmering altar of Xom.
  1232 | D:2      | Reached XP level 4. HP: 37/37 MP: 4/4
  1355 | D:3      | Noticed Grinder
  1364 | D:3      | Found a faded altar to an unknown god.
  1384 | D:3      | Killed Grinder
  1384 | D:3      | Reached skill level 5 in Shields
  1384 | D:3      | Reached XP level 5. HP: 18/43 MP: 5/5
  1384 | D:3      | Reached XP level 6. HP: 21/49 MP: 6/6
  1549 | D:3      | Noticed Ijyb
  1567 | D:3      | Killed Ijyb
  2289 | D:4      | Got a transparent shield
  2300 | D:4      | Identified the +0 shield "Lad Vuwn" {+Inv Dex+4} (You found it on level 4 of the Dungeon)
  2343 | D:4      | Found Zin's Purification Station.
  2346 | D:4      | Found a glowing silver altar of Zin.
  2533 | D:4      | Reached XP level 7. HP: 55/55 MP: 7/7
  2799 | D:5      | Entered Level 5 of the Dungeon
  2850 | D:5      | Reached skill level 5 in Armour
  3026 | D:5      | Reached skill level 5 in Fighting
  3181 | D:5      | Reached skill level 6 in Shields
  3284 | D:5      | Found an oddly glowing altar of Pakellas.
  3285 | D:5      | Noticed a deep elf annihilator
  3290 | D:5      | Killed a deep elf annihilator
  3404 | D:5      | Found a sparkling altar of Nemelex Xobeh.
  3405 | D:5      | Found an opulent altar of Gozag.
  3731 | D:6      | Found a shattered altar of Ashenzari.
  3754 | D:6      | Reached XP level 8. HP: 46/63 MP: 8/8
  3791 | D:6      | Slain by a killer bee

Vault maps used:
D:1:      lemuel_arrival_rhombus, minmay_misc_feat_cross
D:2:      lemuel_crystal_altar, lemuel_crystal_altar, grunt_ministairs_3
D:3:      first_bread, ecumenical_altar_1, uniq_iyjb, uniq_grinder
D:4:      zin_purify
D:5:      grunt_temple_overflow_opulence, gammafunk_pakellas_spire_experiment
D:6:      serial_shops, shop, basic_altar, uniq_pikel

Skill      XL: |  1  2  3  4  5  6  7 |
---------------+----------------------+-----
Shields        | 4 5 6 |  6.4
Fighting       | 4 5 |  5.5
Long Blades    | 3 4 |  4.4
Armour         | 4 5 |  5.9

Action                   |  1- 3 |  4- 6 |  7- 9 || total
-------------------------+-------+-------+-------++-------
Melee: Long sword        |   135 |   123 |   107 ||   365
 Abil: Dig               |     2 |     1 |       ||     3
  Use: Scroll            |     4 |     2 |     7 ||    13
       Potion            |       |       |     2 ||     2
  Eat: Chunk             |     1 |     5 |     4 ||    10
